 Dungeon Crawl Stone Soup version 0.22.1-1-ga44c0e5 (webtiles) character file.

280 Loudmushroom the Shield-Bearer (level 6, -4/39 HPs)
             Began as a Gargoyle Fighter on Sept 24, 2018.
             Killed by divine providence
             ... invoked by an orc priest
              (10 damage)
             ... on level 3 of the Dungeon.
             The game lasted 00:13:21 (2896 turns).

Loudmushroom the Shield-Bearer (Gargoyle Fighter)   Turns: 2896, Time: 00:13:22

Health: -4/39      AC: 14    Str: 22    XL:     6   Next: 27%
Magic:  6/6        EV:  5    Int:  8    God:
Gold:   184        SH:  9    Dex:  9    Spells: 5/5 levels left

rFire    . . .     SeeInvis .   a - +0 war axe
rCold    . . .     Gourm    .   c - +0 shield
rNeg     + . .     Faith    .   l - +0 chain mail
rPois    ∞         Spirit   .   (no helmet)
rElec    +         Reflect  .   (no cloak)
rCorr    .         Harm     .   (no gloves)
MR       .....                  (no boots)
Stlth    ..........             (no amulet)
HPRegen  0.13/turn              (no ring)
MPRegen  0.10/turn              (no ring)

@: no status effects
A: negative energy resistance 1, electricity resistance, unbreathing,
petrification resistance, rot immunity, AC +4
a: no special abilities


You were on level 3 of the Dungeon.
You were not hungry.

You visited 1 branch of the dungeon, and saw 3 of its levels.

You collected 184 gold pieces.

Inventory:

Hand Weapons
 a - a +0 war axe (weapon)
 i - a +0 spear
 o - a +0 flail
 p - a +0 spear
 r - a +0 flail
Missiles
 e - 22 sling bullets
 h - 48 stones (quivered)
Armour
 c - a +0 shield (worn)
 l - a +0 chain mail (worn)
 q - a cursed +0 ring mail
Wands
 x - a wand of flame (23)
Scrolls
 j - 9 scrolls of identify {unknown}
 k - a scroll of random uselessness {unknown}
 m - 2 scrolls of fog {unknown}
 n - 2 scrolls of immolation {unknown}
 t - a scroll of blinking {unknown}
 u - 2 scrolls of teleportation {unknown}
 v - a scroll of magic mapping {unknown}
Potions
 b - a potion of flight {unknown}
 d - a potion of might
 s - 2 potions of cancellation {unknown}
 w - a potion of curing {unknown}
Comestibles
 f - 8 rations
 g - 6 chunks of flesh


   Skills:
 + Level 4.4 Fighting
 * Level 3.9 Axes
 + Level 4.4 Armour
 + Level 4.4 Shields


You had 5 spell levels left.
You didn't know any spells.
Your spell library was empty.

Dungeon Overview and Level Annotations

Branches:
Dungeon (3/15)

Altars:


Innate Abilities, Weirdness & Mutations

You are resistant to torment.
Your stone body is resilient. (AC +4)
You are immune to poison.
You resist negative energy. (rN+)
You are resistant to electric shocks. (rElec)
You can survive without breathing.
You are immune to petrification.
You are immune to rotting.


Message History

Beogh smites you!
* * * LOW HITPOINT WARNING * * *
The orc hits you but does no damage.
Your shield prevents you from hitting the orc.
The orc priest begins to cast a cantrip, but forgets the words!
The orc hits you but does no damage.
You hit the orc.
The orc is severely wounded.
You block the orc's attack.
The orc priest begins to cast a cantrip, but forgets the words!
The orc hits you but does no damage.
You closely miss the orc.
The orc is severely wounded.
The orc hits you but does no damage.
An orc priest comes into view. It is wielding a flail.
You closely miss the orc.
The orc is heavily wounded.
The orc priest calls down the wrath of Beogh upon you.
Beogh smites you!
You die...

#........#.#
#.##.......# . .#
#......>#### .#.#
###...### ...# #...# #.o
#...# .o. #...# #o#
####...###### #o#
............####@######.
.........#.......)......
............####.######.
####...###### #.# #...#
#.# #..># #.# #...# #..
#...### ### #.....#


You could see 3 orc priests and an orc.

Vanquished Creatures
  Natasha (thrice) (D:3)
  Terence (D:2)
  4 gnolls (D:2)
  4 adders
  2 oozes
  3 worms (D:2)
  3 dart slugs
  4 orcs (D:3)
  4 ball pythons
  8 giant cockroaches
  7 goblins
  9 hobgoblins
  7 jackals
  A quokka (D:3)
  9 bats
  2 frilled lizards
  5 kobolds
  5 rats
81 creatures vanquished.

Notes
Turn   | Place    | Note
-------+----------+-------------------------------------------
     0 | D:1      | Loudmushroom the Gargoyle Fighter began the quest for the
                  | Orb.
     0 | D:1      | Reached XP level 1. HP: 14/14 MP: 1/1
   105 | D:1      | Reached XP level 2. HP: 19/19 MP: 2/2
   452 | D:1      | Reached XP level 3. HP: 23/23 MP: 3/3
  1007 | D:2      | Reached XP level 4. HP: 25/29 MP: 4/4
  1009 | D:2      | Noticed Terence
  1197 | D:2      | Killed Terence
  1208 | D:2      | Reached XP level 5. HP: 25/33 MP: 5/5
  2169 | D:3      | Noticed Natasha
  2184 | D:3      | Killed Natasha
  2296 | D:3      | Noticed Natasha
  2304 | D:3      | Killed Natasha
  2304 | D:3      | Reached XP level 6. HP: 31/38 MP: 6/6
  2477 | D:3      | Noticed Natasha
  2486 | D:3      | Killed Natasha
  2896 | D:3      | Killed from afar by an orc priest

Skill      XL: |  1  2  3  4  5 |
---------------+----------------+-----
Axes           | 2 3 |  3.9
Fighting       | 4 |  4.4
Armour         | 4 |  4.4
Shields        | 4 |  4.4

Action                   |  1- 3 |  4- 6 || total
-------------------------+-------+-------++-------
Melee: War axe           |   101 |   166 ||   267
  Eat: Chunk             |       |     7 ||     7
Armor: Scale mail        |    53 |       ||    53
       Chain mail        |    38 |   170 ||   208
Dodge: Dodged            |    34 |    55 ||    89
Block: Shield            |    75 |   134 ||   209
